 Dungeon Crawl Stone Soup version 0.28-a0-1387-g3a22ab9bdc (webtiles) character file.

Game seed: 10756313680301729624

202 Cheeritup the Skirmisher (level 5, -2/47 HPs)
             Began as a Palentonga Fighter on Jan 2, 2022.
             Slain by Edmund (4 damage)
             ... on level 4 of the Dungeon.
             The game lasted 00:14:57 (3362 turns).

Cheeritup the Skirmisher (Palentonga Fighter)       Turns: 3362, Time: 00:14:58

Health: -2/47      AC:  8    Str: 19    XL:     5   Next: 50%
Magic:  5/5        EV:  8    Int:  9    God:
Gold:   96         SH:  4    Dex: 11    Spells: 4/4 levels left

rFire   . . .      SeeInvis +   a - +0 war axe
rCold   . . .      Faith    .   c - +0 buckler
rNeg    . . .      Spirit   .   t - +0 ring mail
rPois   .          Reflect  .   (no helmet)
rElec   .          Harm     .   y - +0 cloak
rCorr   .          Rampage  .   m - +0 pair of gloves
Will    +....                   (no barding)
Stlth   +.........              (no amulet)
HPRegen 0.15/turn               p - ring of willpower
MPRegen 0.09/turn               (no ring)

@: mighty
A: large, rugged brown scales 3, see invisible, deformed body, roll 1, armoured
tail
a: Rolling Charge


You were on level 4 of the Dungeon.
You visited 1 branch of the dungeon, and saw 4 of its levels.

You collected 96 gold pieces.

Inventory:

Hand Weapons
 a - a +0 war axe (weapon)
 s - a +0 long sword
 u - a +0 flail
Missiles
 n - 2 boomerangs
Armour
 b - a +0 scale mail
 c - a +0 buckler (worn)
 m - a +0 pair of gloves (worn)
 t - a +0 ring mail (worn)
 y - a +0 cloak (worn)
Jewellery
 p - a ring of willpower (left hand)
Scrolls
 i - 2 scrolls of vulnerability
 k - a scroll of teleportation
 v - a scroll of fog
Potions
 d - a potion of might
 e - 3 potions of cancellation
 f - a potion of magic {unknown}
 j - 2 potions of lignification {unknown}
 o - a potion of curing {unknown}
 r - a potion of attraction {unknown}
 w - a potion of haste {unknown}
 x - 2 potions of degeneration {unknown}
 z - a potion of mutation {unknown}


   Skills:
 * Level 5.3 Fighting
 + Level 3.8 Axes
 - Level 2.4 Armour
 - Level 2.4 Shields


You had 4 spell levels left.
You didn't know any spells.
Your spell library contained the following spells:

 Spells                   Type           Power      Damage    Failure   Level
 Animate Skeleton         Necr           0%         N/A       56%         1
 Apportation              Tloc           0%         N/A       56%         1
 Foxfire                  Conj/Fire      0%         2x1d4     56%         1
 Pain                     Necr           0%         1d4       56%         1
 Summon Small Mammal      Summ           0%         N/A       56%         1
 Conjure Flame            Conj/Fire      0%         6-21      90%         3
 Inner Flame              Hex/Fire       0%         N/A       90%         3
 Flame Wave               Conj/Fire      0%         2d4       100%        4
 Agony                    Necr           0%         N/A       100%        5
 Excruciating Wounds      Necr           0%         N/A       100%        5


Dungeon Overview and Level Annotations

Branches:
Dungeon (4/15)
 Temple: D:4-7

Altars:

Portals:
Abyss: D:3

Annotations:
D:3 1 transporter, Cheeritup's ghost, amateur DENe
D:4 Edmund


Innate Abilities, Weirdness & Mutations

You are completely covered in rugged brown scales. (AC +3, +7% HP)
You have supernaturally acute eyesight. (SInv)
Armour fits poorly on your strangely shaped body.
You can roll at nearby foes to attack.
You have a long armoured tail.


Message History

Found 7 gold pieces.
Found an escape hatch in the floor.
There is a stone staircase leading up here.
A howler monkey comes into view.
The howler monkey howls!
You roll forward with a clatter of scales!
You barely miss the howler monkey. You block the howler monkey's attack.
The howler monkey hits you but does no damage.
Unknown command.
You hit the howler monkey. You tail-slap the howler monkey.
The howler monkey is heavily wounded.
You block the howler monkey's attack.
You slash the howler monkey!
You kill the howler monkey!
Found a stone staircase leading down.
You now have 96 gold pieces (gained 7).
Edmund shouts!
There is a stone staircase leading up here.
You feel very mighty all of a sudden.
Roll where?
Press: ? - help, Q - select action, (/) - cycle Dir - move target, f - Edmund
Aim: Edmund, wielding a +4 vorpal flail and wearing a +0 ring mail You roll forward with a clatter of scales!
You slash Edmund!
Edmund is moderately wounded.
Edmund hits you with a +4 vorpal flail. Edmund hits you with a +4 vorpal flail!
You barely miss Edmund.
Edmund is moderately wounded.
Edmund hits you with a +4 vorpal flail.
You barely miss Edmund.
Your tail-slap misses Edmund.
Edmund is moderately wounded.
Edmund hits you with a +4 vorpal flail.
You slash Edmund!
Your tail-slap misses Edmund.
Edmund is heavily wounded.
Edmund hits you with a +4 vorpal flail!
* * * LOW HITPOINT WARNING * * *
x2 You block Edmund's attack.
Unknown command.
There is a stone staircase leading up here.
Edmund hits you with a +4 vorpal flail.
You die...

.........####......##
..##.....###........#
...................###
......................#
...####..##..........##
..... ##.#.....†.##..#
.# ..##>....#....#####
.....#.@.#...##
##....@....## .
#.........#
..##.......##
........#.##
........#..#
...........#
..####....## ## #.....#
#...###


You could see Edmund.

Vanquished Creatures
  A howler monkey (D:4)
  An orc priest (D:3)
  An orc wizard (D:3)
  A hound skeleton (D:4)
  2 adders (D:3)
  A worm (D:3)
  10 orcs (D:3)
  6 bats
  5 endoplasms
  3 giant cockroaches
  5 goblins
  6 hobgoblins
  5 jackals
  3 quokkas
  3 ball pythons
  3 frilled lizards
  3 kobolds (D:1)
  6 rats
65 creatures vanquished.

Vanquished Creatures (others)
  2 fungi (D:3)
  14 plants (D:3)
16 creatures vanquished.

Grand Total: 81 creatures vanquished

Notes
Turn   | Place    | Note
-------+----------+-------------------------------------------
     0 | D:1      | Cheeritup the Palentonga Fighter began the quest for the
                  | Orb.
     0 | D:1      | Reached XP level 1. HP: 19/19 MP: 1/1
   190 | D:1      | Reached XP level 2. HP: 25/25 MP: 2/2
   798 | D:2      | Reached XP level 3. HP: 32/32 MP: 3/3
  1596 | D:3      | Reached skill level 4 in Fighting
  2007 | D:3      | Found a transporter.
  2007 | D:3      | Noticed a kobold brigand
  2015 | D:3      | Noticed Cheeritup's ghost (amateur DENe)
  2015 | D:3      | Noticed a small abomination
  2015 | D:3      | Noticed a small abomination
  2015 | D:3      | Found a one-way gate to the infinite horrors of the Abyss.
  2127 | D:3      | Reached XP level 4. HP: 38/39 MP: 4/4
  2219 | D:3      | Found a transporter.
  2525 | D:3      | Reached XP level 5. HP: 36/46 MP: 5/5
  2640 | D:3      | Reached skill level 5 in Fighting
  2834 | D:3      | Found a faded altar of an unknown god.
  3237 | D:4      | Noticed Edmund
  3359 | D:4      | HP: 1/47 [Edmund (4)]
  3362 | D:4      | Slain by Edmund

Illustrated notes

Levels and vault maps discovered:
D:1:      tarquinn_simple_flora_water_f, layout_loops_ring
D:2:      layout_basic, serial_glass, glass_columns_b, glass_columns_c,
          glass_columns_b, glass_columns_a, glass_columns_a, glass_columns_c,
          glass_columns_c, glass_columns_c
D:3:      layout_basic, shapermc_ecumenical_altar_hornbeckon,
          gammafunk_ghost_abyssal_escape, serial_rivers,
          chequers_serial_rivers_room_a, chequers_serial_rivers_room_a,
          chequers_serial_rivers_micro_e, chequers_serial_rivers_room_a,
          chequers_serial_rivers_room_b
D:4:      layout_cave_pools, mainiacjoe_overflow_chevrons, uniq_pikel,
          uniq_menkaure, uniq_edmund, uniq_robin

Skill      XL: |  1  2  3  4  5 |
---------------+----------------+-----
Fighting       | 4 5 |  5.3
Axes           | 3 |  3.8
Armour         | |  2.4
Shields        | |  2.4

Action                   |  1- 3 |  4- 6 || total
-------------------------+-------+-------++-------
Melee: War axe           |   125 |    45 ||   170
       Tailslap          |     8 |    10 ||    18
 Abil: Rolling Charge    |    24 |    10 ||    34
  Use: Scroll            |     2 |     6 ||     8
       Potion            |       |     1 ||     1
Armor: Scale mail        |    72 |       ||    72
       Ring mail         |    11 |    15 ||    26
Dodge: Dodged            |    59 |    11 ||    70
Block: Buckler           |    29 |     7 ||    36

Table legend: (Time is in decaauts)
 A = Elapsed time spent in this place.
 B = Non-inter-level travel time spent in this place.
 C = Inter-level travel time spent in this place.
 D = Time resting spent in this place.
 E = Time spent auto-exploring this place.
 F = Levels seen in this place.
 G = Mean time per level.
                   A        B        C        D        E       F      G
               +--------+--------+--------+--------+--------+-----+--------+
         Total |   3427 |   3302 |    125 |    432 |   2131 |   4 |  856.8 |
       Dungeon |   3427 |   3302 |    125 |    432 |   2131 |   4 |  856.8 |
               +--------+--------+--------+--------+--------+-----+--------+

Top non-repeatable levels by time:
     D:3: 1724 daAuts
     D:2: 884 daAuts
     D:1: 734 daAuts
     D:4: 83 daAuts
